 Dungeon Crawl Stone Soup version 0.30-a0-121-gb27577e5d9 (webtiles) character file.

Game seed: 16169663795361095428

222 KittyKat the Changer (level 5, -6/37 HPs)
             Began as a Demonspawn Transmuter on Sept 14, 2022.
             Mangled by a worm (10 damage)
             ... on level 4 of the Dungeon.
             The game lasted 00:05:25 (4141 turns).

KittyKat the Changer (Demonspawn Transmuter)        Turns: 4141, Time: 00:05:26

Health: -6/37      AC:  2    Str: 10    XL:     5   Next: 66%
Magic:  9/9        EV: 12    Int: 17    God:
Gold:   199        SH:  0    Dex: 13    Spells: 9/10 levels left

rFire   . . .      SeeInvis .      - Unarmed
rCold   . . .      Faith    .    (no shield)
rNeg    . . .      Spirit   .    a - +0 robe
rPois   .          Reflect  .    (no helmet)
rElec   .          Harm     .    (no cloak)
rCorr   .          Rampage  .    (no gloves)
Will    .....                    (no boots)
Stlth   +.........               (no amulet)
HPRegen 0.12/turn                (no ring)
MPRegen 0.11/turn                (no ring)

@: no status effects
A: ignite blood 1, demonic touch 1
a: no special abilities


You were on level 4 of the Dungeon.
You visited 1 branch of the dungeon, and saw 4 of its levels.

You collected 199 gold pieces.

Inventory:

Missiles
 q - a throwing net
Armour
 a - a +0 robe (worn)
Jewellery
 n - an amulet of faith
 s - a ring of magical power
Scrolls
 e - a scroll of enchant weapon {unknown}
 i - 2 scrolls of identify {unknown}
 l - a scroll of summoning {unknown}
 o - a scroll of magic mapping {unknown}
 p - a scroll of teleportation {unknown}
 r - a scroll of acquirement {unknown}
 t - a scroll of torment {unknown}
Potions
 b - 2 potions of lignification
 c - a potion of heal wounds {unknown}
 d - 2 potions of ambrosia {unknown}
 f - 2 potions of curing {unknown}
 g - a potion of haste {unknown}
 h - a potion of degeneration {unknown}
 j - a potion of might {unknown}
 k - 2 potions of mutation {unknown}
 m - a potion of resistance {unknown}
 u - a potion of brilliance {unknown}


   Skills:
 - Level 1.0 Fighting
 - Level 1.7 Dodging
 + Level 3.7 Unarmed Combat
 + Level 3.2 Spellcasting
 * Level 4.0 Transmutations


You had 9 spell levels left.
You knew the following spells:

 Your Spells              Type           Power      Damage    Failure   Level
a - Beastly Appendage     Tmut           32%        N/A       3%          1

Your spell library contained the following spells:

 Spells                   Type           Power      Damage    Failure   Level
 Wereblood                Tmut           16%        N/A       4%          2
 Summon Small Mammal      Summ           8%         N/A       17%         1
 Spider Form              Tmut/Pois      9%         N/A       22%         3
 Call Canine Familiar     Summ           2%         N/A       45%         3
 Summon Guardian Golem    Hex/Summ       2%         N/A       45%         3
 Ice Form                 Ice/Tmut       9%         N/A       58%         4


Dungeon Overview and Level Annotations

Branches:
Dungeon (4/15)
 Temple: D:4-7

Altars:
Gozag


Innate Abilities, Weirdness & Mutations

Your demonic aura sometimes causes spilled blood to erupt in flames.
Your touch may inflict minor irresistible damage on your foes.


Message History

There is a stone staircase leading up here.
The ball python hisses angrily.
An endoplasm comes into view.
There are monsters nearby!
The ball python bites you. The ball python barely misses you.
The endoplasm completely misses you.
Found a club.
The ball python closely misses you. The ball python grabs you.
The ball python constricts you. The endoplasm freezes you.
You are frozen.
You escape the ball python's grasp.
The ball python closely misses you. x2
You hit the endoplasm. You punch the endoplasm.
The endoplasm is almost dead.
Your horns disappear.
Your talons disappear.
The ball python barely misses you. The ball python grabs you.
The ball python constricts you.
You escape the ball python's grasp.
The endoplasm hits you but does no damage.
You hit the ball python.
You kill the ball python!
The endoplasm closely misses you.
The endoplasm hits you but does no damage.
The endoplasm freezes you.
You are frozen.
The endoplasm barely misses you.
You hit the endoplasm.
You kill the endoplasm!
Found 9 gold pieces.
A worm comes into view.
The worm bites you. The worm bites you!
You hit the worm.
The worm is lightly wounded.
The worm bites you. The worm bites you but does no damage. The worm bites you.
The worm bites you!
* * * LOW HITPOINT WARNING * * *
The worm bites you!
You die...

#....# . #.#
#.#### . ..# #.# .
#.. #.# . #.. #.#
. #.. #.#
######.###.#
.........#.##
#.@...#
.......#w#......#
######.#.#........
..#.#######$.
...#.# # ###.#.#
..... #.#.# ...


You could see a worm.

Vanquished Creatures
  Natasha (thrice) (D:3)
  5 adders
  4 gnolls (D:3)
  2 worms
  12 endoplasms
  3 hobgoblins
  3 jackals (D:2)
  6 kobolds
  A quokka (D:3)
  5 ball pythons
  6 bats
  4 frilled lizards
  5 goblins
  3 rats
62 creatures vanquished.

Notes
Turn   | Place    | Note
-------+----------+-------------------------------------------
     0 | D:1      | KittyKat the Demonspawn Transmuter began the quest for the
                  | Orb.
     0 | D:1      | Reached XP level 1. HP: 15/15 MP: 3/3
   372 | D:1      | Reached skill level 2 in Transmutations
   540 | D:1      | Gained mutation: Your touch may inflict minor irresistible
                  | damage on your foes. [demonic ancestry]
   540 | D:1      | Reached XP level 2. HP: 18/21 MP: 3/5
  1325 | D:2      | Reached XP level 3. HP: 20/26 MP: 4/6
  1534 | D:2      | HP: 1/26 [ball python (1)]
  2402 | D:2      | Reached skill level 3 in Transmutations
  2673 | D:3      | Reached XP level 4. HP: 27/32 MP: 5/7
  3133 | D:3      | Found a faded altar of an unknown god.
  3377 | D:3      | Noticed Natasha
  3382 | D:3      | Killed Natasha
  3383 | D:3      | Gained mutation: Your demonic aura sometimes causes spilled
                  | blood to erupt in flames. [demonic ancestry]
  3383 | D:3      | Reached XP level 5. HP: 37/37 MP: 7/9
  3500 | D:3      | Noticed Natasha
  3514 | D:3      | Killed Natasha
  3769 | D:3      | Noticed Natasha
  3779 | D:3      | Killed Natasha
  3780 | D:3      | Reached skill level 4 in Transmutations
  3895 | D:3      | Found an opulent altar of Gozag.
  4141 | D:4      | Mangled by a worm

Illustrated notes

Levels and vault maps discovered:
D:1:      dpeg_arrival_rhombi, layout_loops_corners
D:2:      layout_loops_ring, minmay_pentomino_u4
D:3:      layout_basic, general_overflow_altar, basic_ecumenical_altar,
          minmay_misc_feat_rugged, skrybe_limestone_x, uniq_natasha
D:4:      layout_basic, temple_hall, gup_sewer_entry_glass,
          grunt_decor_arrowhead, minmay_stone_trees_small, st_stairs_3

Skill      XL: |  1  2  3  4  5 |
---------------+----------------+-----
Transmutations | 2 3 4 |  4.0
Unarmed Combat | 3 |  3.7
Spellcasting   | 3 |  3.2
Fighting       | |  1.0
Dodging        | |  1.7

Action                   |  1- 3 |  4- 6 || total
-------------------------+-------+-------++-------
Melee: Unarmed           |    93 |    61 ||   154
       Headbutt          |    12 |     9 ||    21
       Kick              |    14 |    18 ||    32
       Touch             |     9 |     6 ||    15
       Punch             |       |     5 ||     5
 Cast: Beastly Appendage |    30 |    10 ||    40
Armor: Robe              |    22 |    10 ||    32
Dodge: Dodged            |    54 |    42 ||    96

Table legend: (Time is in decaauts)
 A = Elapsed time spent in this place.
 B = Non-inter-level travel time spent in this place.
 C = Inter-level travel time spent in this place.
 D = Time resting spent in this place.
 E = Time spent auto-exploring this place.
 F = Levels seen in this place.
 G = Mean time per level.
                   A        B        C        D        E       F      G
               +--------+--------+--------+--------+--------+-----+--------+
         Total |   4139 |   4139 |      0 |    820 |   2655 |   4 | 1034.8 |
       Dungeon |   4139 |   4139 |      0 |    820 |   2655 |   4 | 1034.8 |
               +--------+--------+--------+--------+--------+-----+--------+

Top non-repeatable levels by time:
     D:3: 1447 daAuts
     D:2: 1366 daAuts
     D:1: 1277 daAuts
     D:4: 48 daAuts
